 Dungeon Crawl Stone Soup version 0.31.0-11-ge490571c62 (webtiles) character file.

Game seed: 13012899450583639664

133 qw the Shooter (level 4, -18/23 HPs)
             Began as a Spriggan Hunter on Feb 4, 2024.
             Killed from afar by Ijyb (20 damage)
             ... with a bolt of dispelling energy
             ... on level 3 of the Dungeon.
             The game lasted 00:00:07 (1638 turns).

qw the Shooter (Spriggan Hunter)                    Turns: 1638, Time: 00:00:07

Health: -18/23     AC:  2    Str:  7    XL:     4   Next: 93%
Magic:  5/5        EV: 20    Int: 10    God:
Gold:   156        SH:  0    Dex: 20    Spells: 3/3 levels left

rFire   . . .        a - +0 shortbow (flame)
rCold   . . .        (shield currently unavailable)
rNeg    . . .        c - +0 robe
rPois   .            (helmet restricted)
rElec   .            (no cloak)
rCorr   .            (gloves unavailable)
SInv    +            (boots unavailable)
Will    .....        (no amulet)
Stlth   ++           (no ring)
HPRegen 0.23/turn    (no ring)
MPRegen 0.09/turn

%: no passive effects
@: very quick
A: very small, no large weapons, unfitting armour, see invisible, speed 3
a: no special abilities


You were on level 3 of the Dungeon.
You visited 1 branch of the dungeon, and saw 3 of its levels.

You collected 156 gold pieces.


Innate Abilities, Weirdness & Mutations

You are very small and have problems with some larger weapons.
You are too small for most types of armour.
You have supernaturally acute eyesight. (SInv)
You cover ground extremely quickly. (Speed+++)


   Skills:
 - Level 2.0 Fighting
 + Level 5.1 Ranged Weapons
 - Level 5.0 Dodging
 - Level 1.5 Stealth


You had 3 spell levels left.
You didn't know any spells.
Your spell library was empty.

Inventory:

Hand Weapons
 a - a +0 shortbow of flaming (weapon)
Armour
 c - a +0 robe (worn)
Scrolls
 d - a scroll of identify
Potions
 b - 3 potions of curing
 f - a potion of invisibility {unknown}

Dungeon Overview and Level Annotations

Branches:
Dungeon (3/15)

Altars:

Annotations:
D:3 Ijyb


Message History

Items here: % ))).
A hobgoblin and a bat come into view.
The hobgoblin shouts!
You shoot an arrow. The arrow hits the bat.
The arrow burns the bat.
You kill the bat!
You shoot an arrow. The arrow barely misses the hobgoblin.
You shoot an arrow. The arrow hits the hobgoblin.
The arrow burns the hobgoblin.
You kill the hobgoblin!
d - a scroll of identify You now have 96 gold pieces (gained 4).
Found an escape hatch in the ceiling.
You now have 108 gold pieces (gained 12).
Found a stone staircase leading down.
You now have 117 gold pieces (gained 9).
You open the door.
There is an open door here.
You now have 134 gold pieces (gained 17).
You now have 145 gold pieces (gained 11).
You now have 156 gold pieces (gained 11).
Found a mace.
Enter note:
Enter note: Ijyb the Twisted Goblin comes into view.
She is wielding a +0 club and carrying a wand of quicksilver.
Ijyb shouts!
Ijyb zaps a wand.
The bolt of dispelling energy hits you!!
Ouch! That really hurt!
1632 ||| FLEEEEING.
Found a stone staircase leading up.
Enter note:
Enter note: You start resting.
Ijyb is nearby!
1634 ||| FLEEEEING.
You start resting.
Ijyb is nearby!
You shoot an arrow. The arrow hits Ijyb but does no damage.
Ijyb zaps a wand.
The bolt of dispelling energy hits you!!
Ouch! That really hurt!
You die...

.#####....+
..........#
#........######
.##..............
<.....)..........
.##..............
..g...g...#
.#####.#.# #@#.##
###.#..# ##
....#..####### #.
##..........# #.
#..........# #.
#..........# #.
#####..........#
#.
...............#
#.
####..........#
#.


You could see Ijyb.

Vanquished Creatures
  5 gnolls
  An adder (D:2)
  3 ribbon worms (D:2)
  3 dart slugs (D:1)
  4 ball pythons
  5 endoplasms
  4 giant cockroaches
  3 goblins (D:2)
  6 hobgoblins
  7 jackals
  4 kobolds (D:2)
  A quokka (D:2)
  4 bats
  3 frilled lizards
  8 rats
61 creatures vanquished.

Notes
Turn   | Place    | Note
-------+----------+-------------------------------------------
     0 | D:1      | qw the Spriggan Hunter began the quest for the Orb.
     0 | D:1      | Reached XP level 1. HP: 10/10 MP: 2/2
     0 | D:1      | 0 ||| qw: Version: 0.3-a-160-g6735b56
     0 | D:1      | 0 ||| qw: Game counter: 4826
     0 | D:1      | 0 ||| qw: Melee chars always use a shield: true
     0 | D:1      | 0 ||| qw: God list: Okawaru
     0 | D:1      | 0 ||| qw: Allow faded altars: false
     0 | D:1      | 0 ||| qw: Do Orc after clearing Dungeon:15 true
     0 | D:1      | 0 ||| qw: Do second Lair branch before Depths: true
     0 | D:1      | 0 ||| qw: Lair rune preference: random
     0 | D:1      | 0 ||| qw: Goals: Normal
     0 | D:1      | 0 ||| PLANNING D:1-11
     2 | D:1      | 2 ||| DROPPING scroll of butterflies.
    57 | D:1      | Reached skill level 3 in Dodging
    87 | D:1      | You fall into a shaft and drop 1 floor!
   142 | D:2      | 142 ||| READING scroll labelled HOEFRO SEGUTI.
   243 | D:2      | 243 ||| DRINKING 2 orange potions.
   271 | D:1      | Reached XP level 2. HP: 14/14 MP: 3/3
   478 | D:1      | Reached XP level 3. HP: 18/18 MP: 4/4
   495 | D:1      | HP: 3/18 [gnoll/+0 flail (5)]
   675 | D:1      | 675 ||| READING scroll labelled RAIMIJ LOST.
   676 | D:1      | 676 ||| READING scroll labelled DENOMNU WIOQOSHU.
   676 | D:1      | 676 ||| BRANDING +0 shortbow.
   970 | D:2      | Reached XP level 4. HP: 22/22 MP: 5/5
  1126 | D:2      | Found a faded altar of an unknown god.
  1134 | D:2      | 1134 ||| READING scroll labelled AGIRHO VOEWOFA.
  1135 | D:2      | 1135 ||| READING scroll labelled LAUL KUSSOLEZI.
  1135 | D:2      | 1135 ||| IDENTIFYING red potion
  1136 | D:2      | 1136 ||| DROPPING potion of degeneration.
  1631 | D:3      | Noticed Ijyb
  1631 | D:3      | HP: 1/23 [Ijyb/bolt of dispelling energy (22)]
  1632 | D:3      | 1632 ||| FLEEEEING.
  1634 | D:3      | 1634 ||| FLEEEEING.
  1638 | D:3      | Killed from afar by Ijyb

Levels and vault maps discovered:
D:1:      minmay_arrival_glassed_features, layout_rooms, minmay_octomino_c4
D:2:      layout_loops_ring, shapermc_ecumenical_altar_notcrosses,
          grunt_ministairs_13, dreamdust_princess_corridor
D:3:      layout_basic, uniq_ijyb

Skill      XL: |  1  2  3  4 |
---------------+-------------+-----
Dodging        | 3 4 5 |  5.0
Ranged Weapons | 5 |  5.1
Fighting       | 2 |  2.0
Stealth        | |  1.5

Action                     |  1- 3 |  4- 6 || total
---------------------------+-------+-------++-------
   Fire: Shortbow          |   118 |    45 ||   163
    Use: Scroll            |     3 |     2 ||     5
         Potion            |     1 |       ||     1
 Armour: Robe              |    12 |     6 ||    18
  Dodge: Dodged            |    49 |    11 ||    60

Table legend:
 A = Non-vault XP
 B = Vault XP
 C = Vault XP percentage of total XP
 D = Non-vault monster count
 E = Vault monster count
 F = Vault count percentage of total count
                 A         B        C        D         E       F
            +---------+---------+-------+---------+---------+-------
      Total |     178 |      12 |   6.3 |      55 |       6 |   9.8
            +---------+---------+-------+---------+---------+-------
        D:1 |      45 |       9 |  16.7 |      17 |       4 |  19.0
        D:2 |      70 |       3 |   4.1 |      30 |       2 |   6.2
        D:3 |      63 |       0 |   0.0 |       8 |       0 |   0.0
            +---------+---------+-------+---------+---------+-------
